 Dungeon Crawl Stone Soup version 0.20.0-15-g7f486f2 (webtiles) character file.

121 KleinerIrrer the Covert (level 5, 0/72 HPs)
             Began as a Naga Assassin on June 24, 2017.
             Slain by a goblin
             ... wielding a +0 club
             ... led by Robin
              (1 damage)
             ... on level 2 of the Dungeon.
             The game lasted 00:06:43 (1529 turns).

KleinerIrrer the Covert (Naga Assassin)             Turns: 1529, Time: 00:06:43

Health: 0/72       AC:  3    Str: 18    XL:     5   Next: 5%
Magic:  5/5        EV: 10    Int: 11    God:
Gold:   63         SH:  0    Dex: 14    Spells: 4/4 levels left

rFire    . . .     SeeInvis +   h - +1 dagger (flame)
rCold    . . .     Gourm    .   (no shield)
rNeg     . . .     Faith    .   c - +0 robe
rPois    +         Spirit   .   (no helmet)
rElec    .         Reflect  .   d - +0 cloak
rCorr    .         Harm     .   (no gloves)
MR       .....                  (no barding)
Stlth    ..........             (no amulet)
Regen    0.3/turn               (no ring)
MPRegen  0.1/turn               (no ring)

@: berserking, quick
A: see invisible, deformed body, poison resistance, slowness 2, slow metabolism
1, spit poison 1, AC +1
a: Spit Poison


You were on level 2 of the Dungeon.
You were not hungry.

You visited 1 branch of the dungeon, and saw 2 of its levels.

You collected 63 gold pieces.

Inventory:

Hand Weapons
 a - a +2 dagger
 b - a +0 blowgun
 h - a +1 dagger of flaming (weapon)
Missiles
 e - 8 poisoned needles
 f - 2 curare-tipped needles
 m - 2 needles of frenzy
Armour
 c - a +0 robe (worn)
 d - a +0 cloak (worn)
Jewellery
 k - a +1 ring of protection {unknown}
Scrolls
 l - a scroll of enchant armour {unknown}
Potions
 n - a potion of mutation {unknown}
 o - a potion of resistance {unknown}
 r - a potion of lignification {unknown}
Comestibles
 g - a bread ration
 j - 2 meat rations
 s - 18 fruits


   Skills:
 + Level 2.8 Fighting
 - Level 2.0 Short Blades
 - Level 1.7 Throwing
 + Level 1.7 Dodging
 + Level 8.1 Stealth


You had 4 spell levels left.
You didn't know any spells.

Dungeon Overview and Level Annotations

Branches:
Dungeon (2/15)

Altars:

Annotations:
D:2 Robin


Innate Abilities, Weirdness & Mutations

You cannot wear boots.
Your serpentine skin is tough. (AC +1)
You have supernaturally acute eyesight. (SInv)
Armour fits poorly on your strangely shaped body.
Your system is resistant to poisons. (rPois)
You cover ground very slowly.
You have a slow metabolism.
You can spit poison.


Message History

* * * LOW HITPOINT WARNING * * *
The goblin hits you with a spear.
* * * LOW HITPOINT WARNING * * *
Robin roars a battlecry!
You hear a shout!
You hit the goblin. You burn the goblin.
You kill the goblin!
The goblin barely misses you. The hobgoblin closely misses you.
The goblin hits you with a club.
* * * LOW HITPOINT WARNING * * *
Things that are here:
a spear; a goblin corpse It was a potion of berserk rage.
A red film seems to cover your vision as you go berserk!
You feel yourself moving faster!
You feel mighty! The goblin closely misses you.
You are too berserk!
You are too berserk!
You closely miss the goblin. The goblin hits you with a club.
You die...

##.#)##.#.##.#....#g.#.....
##.#)##.#.#........g........
...#.##.#.#.......g#########
...#.##...#........##
...#.##<...#.#..#...#
.#.#.##....#.#..#g#g#######
....(....>.'...............
.#.####....#.#.####g#######
.....#.....#.#..@ggg#
.#.#.#.....#.########
........#+##+##
.....#........#
..............#
.....#........#
..####........#
)#####....<...#
))........(...#


You could see Robin, 2 hobgoblins and a goblin.

Vanquished Creatures
  5 adders (D:2)
  2 oozes
  2 worms (D:2)
  A dart slug (D:1)
  A leopard gecko (D:2)
  6 giant cockroaches
  17 goblins
  2 hobgoblins (D:1)
  7 kobolds
  A quokka (D:2)
  A ball python (D:2)
  3 bats
  2 frilled lizards
  5 rats
55 creatures vanquished.

Notes
Turn   | Place    | Note
-------+----------+-------------------------------------------
     0 | D:1      | KleinerIrrer the Naga Assassin began the quest for the Orb.
     0 | D:1      | Reached XP level 1. HP: 19/19 MP: 1/1
    13 | D:1      | Reached skill level 6 in Stealth
   254 | D:1      | Reached XP level 2. HP: 26/26 MP: 2/2
   507 | D:1      | Reached skill level 7 in Stealth
   633 | D:1      | Reached XP level 3. HP: 32/32 MP: 3/3
   831 | D:2      | Reached skill level 1 in Dodging
  1111 | D:2      | Noticed Robin
  1199 | D:2      | Reached XP level 4. HP: 38/40 MP: 4/4
  1481 | D:2      | Reached skill level 8 in Stealth
  1481 | D:2      | Reached XP level 5. HP: 40/48 MP: 5/5
  1526 | D:2      | HP: 1/48 [goblin/club[Robin] (4)]
  1529 | D:2      | Slain by a goblin

Skill      XL: |  1  2  3  4 |
---------------+-------------+-----
Stealth        | 6 7 8 |  8.1
Dodging        | 1 |  1.7
Fighting       | |  2.8
Short Blades   | |  2.0
Throwing       | |  1.7

Action                   |  1- 3 |  4- 6 || total
-------------------------+-------+-------++-------
Melee: Dagger            |   100 |    67 ||   167
  Use: Potion            |       |     2 ||     2
 Stab: Sleeping          |    10 |     3 ||    13
  Eat: Chunk             |       |     1 ||     1
Armor: Robe              |    21 |    28 ||    49
Dodge: Dodged            |    37 |    47 ||    84
